 Dungeon Crawl Stone Soup version 0.26-a0-996-g6b303dbc09 (webtiles) character file.

Game seed: 1333320869569654230

11288 Kraken2834 the Cleaver (level 11, -2/108 HPs)
             Began as a Deep Dwarf Fighter on Dec 6, 2020.
             Was a Priest of Makhleb.
             Slain by a stone giant (9 damage)
             ... on level 10 of the Dungeon.
             The game lasted 00:35:44 (7656 turns).

Kraken2834 the Cleaver (Deep Dwarf Fighter)         Turns: 7656, Time: 00:35:45

Health: -2/108     AC: 14    Str: 24    XL:     11   Next: 47%
Magic:  3/3        EV:  8    Int:  8    God:    Makhleb [***...]
Gold:   771        SH:  0    Dex: 12    Spells: 7/10 levels left

rFire    + . .     SeeInvis .   a - +0 war axe
rCold    . . .     Faith    +   c - +0 kite shield
rNeg     . . .     Spirit   .   D - +0 steam dragon scales
rPois    .         Reflect  .   (no helmet)
rElec    .         Harm     .   n - +1 cloak
rCorr    .         Rampage  .   l - +0 pair of gloves
MR       +....     Rnd*Rage +   (no boots)
Stlth    +.........             o - amulet of faith
HPRegen  0.00/turn              m - +4 ring of protection
MPRegen  0.08/turn              v - ring of protection from fire

@: confused, non-regenerating
A: damage resistance, heal wounds, berserk 1, sense surroundings 2, sturdy frame
1, no regeneration
a: Heal Wounds, Minor Destruction, Lesser Servant of Makhleb, Renounce Religion


You were on level 10 of the Dungeon.
You worshipped Makhleb.
Makhleb was most pleased with you.
You visited 2 branches of the dungeon, and saw 11 of its levels.

You collected 771 gold pieces.

Inventory:

Hand Weapons
 a - a +0 war axe (weapon)
Armour
 c - a +0 kite shield (worn)
 l - a +0 pair of gloves (worn)
 n - a +1 cloak (worn)
 D - +0 steam dragon scales (worn)
Jewellery
 m - a +4 ring of protection (left hand)
 o - an amulet of faith (around neck)
 s - a +4 ring of evasion
 v - a ring of protection from fire (right hand)
 w - an uncursed ring of magical power
 C - an uncursed ring of fire
Wands
 t - a wand of paralysis (3)
 u - a wand of disintegration (10)
Scrolls
 f - 5 scrolls of remove curse
 g - 10 scrolls of identify
 i - 2 scrolls of fear
 q - 7 scrolls of enchant armour
 r - 3 scrolls of amnesia
 x - 2 scrolls of teleportation
 y - a scroll of magic mapping
 B - a scroll of vulnerability
Potions
 b - 4 potions of ambrosia
 d - 5 potions of might
 e - 2 potions of flight
 h - a potion of lignification
 j - 6 potions of curing
 k - 2 potions of brilliance
 p - 3 potions of heal wounds
 z - 2 potions of attraction
 A - 2 potions of invisibility


   Skills:
 * Level 10.0 Fighting
 + Level 14.3 Axes
 + Level 7.8 Armour
 - Level 3.2 Shields


You had 7 spell levels left.
You knew the following spells:

 Your Spells              Type           Power        Failure   Level
a - Vampiric Draining     Necr           #.........   99%         3

Your spell library contained the following spells:

 Spells                   Type           Power        Failure   Level
 Animate Skeleton         Necr           #.....       89%         1
 Pain                     Necr           #...         89%         1
 Animate Dead             Necr           #.........   100%        4
 Agony                    Necr           #.......     100%        5


Dungeon Overview and Level Annotations

Branches:
Dungeon (10/15)            Temple (1/1) D:7
   Lair: D:8-11         Orc: D:9-12

Altars:
Ashenzari
Cheibriados
Dithmenos
Elyvilon
Fedhas
Gozag
Hepliaklqana
Kikubaaqudgha
Makhleb
Nemelex Xobeh
Okawaru
Qazlal
Ru
Sif Muna
Trog
Uskayaw
Vehumet
Wu Jian
Xom
Yredelemnul
Zin
The Shining One

Shops:
D:8 [

Annotations:
D:7 1 transporter
D:10 alkemann's ghost, journeyman TrMo


Innate Abilities, Weirdness & Mutations

You are resistant to damage.
You can heal yourself by infusing magical energy.
You passively map the area around you.
You do not regenerate.
You tend to lose your temper in combat.
Your movements are slightly less encumbered by armour. (ER -2)


Message History

The skeletal warrior hits you with a +0 battleaxe!!
The stone giant closely misses you.
A skeletal warrior comes into view. It is wielding a +0 trident.
You are more confused.
You feel invigorated.
The stone giant hits you but does no damage.
The stone giant hits you!!
* * * LOW HITPOINT WARNING * * *
You bump into the rock wall.
The stone giant seems to return to its normal shape.
The necromancer gestures wildly while chanting.
The necromancer binds the souls of nearby monsters.
The stone giant hits you!
* * * LOW HITPOINT WARNING * * *
You bump into the rock wall.
You feel less invigorated. The stone giant hits you!!
* * * LOW HITPOINT WARNING * * *
You are too confused!
The stone giant hits you!
You die...

* ♣...z8*$" ###. ,
*###... ..#... *
...##.8* *##...
###. ..#.. ,....
#.. ..##.8* #...
#.#####... ,#..#
#.#zpc...8 ,, #...
#.CW♣ ,* ## ##.#.
#@##WZ# #. ##..#.
#.##### #.##..###
#.##.# #....†...
#....# ##.......
####.######....###
#.........#....# #
#.........#....# #
#..............#
#.........######


You could see a stone giant (soul bound), a yaktaur captain (soul bound), a
skeletal warrior, a freezing wraith and a necromancer.

Vanquished Creatures
  2 two-headed ogres
  The ghost of chispire the Blocker, a novice MiFi of Okawaru (D:9)
  The ghost of Zaque the Skirmisher, a novice OgEE (D:6)
  An ice devil (D:9)
  2 trolls (D:9)
  A queen bee (D:10)
  Sigmund (D:5)
  16 yaks
  A steam dragon (D:9)
  Edmund (D:5)
  2 water moccasins
  8 ice beasts
  2 black bears
  2 sky beasts
  A phantom (D:6)
  5 ogres
  3 centaurs
  A big kobold (D:9)
  Blork the orc (D:4)
  4 bullfrogs
  A scorpion (D:7)
  A hornet simulacrum (D:9)
  30 killer bees
  3 wights (D:10)
  3 howler monkeys
  A bullfrog zombie (D:8)
  A centaur zombie (D:8)
  A bullfrog skeleton (D:4)
  5 hounds
  4 orc priests
  3 centaur skeletons
  An iguana (D:9)
  3 orc wizards
  4 worker ants
  A killer bee zombie (D:6)
  A centaur simulacrum (D:9)
  A hound zombie (D:6)
  Robin (D:4)
  2 worker ant zombies
  3 gnolls (D:6)
  7 adders
  4 white imps
  A worker ant simulacrum (D:9)
  A howler monkey simulacrum (D:9)
  3 ufetubi
  An ooze (D:2)
  2 adder skeletons
  4 worms
  3 dart slugs
  6 leopard geckos
  16 orcs
  3 ball pythons (D:2)
  11 giant cockroaches
  19 goblins
  5 hobgoblins
  16 jackals
  3 quokkas
  6 bats
  8 frilled lizards
  10 kobolds
  A leopard gecko skeleton (D:5)
  11 rats
267 creatures vanquished.

Vanquished Creatures (others)
  A lich (D:10)
  An orc wizard (D:6)
  A plant (D:1)
  A withered plant (D:3)
4 creatures vanquished.

Grand Total: 271 creatures vanquished

Notes
Turn   | Place    | Note
-------+----------+-------------------------------------------
     0 | D:1      | Kraken2834 the Deep Dwarf Fighter began the quest for the
                  | Orb.
     0 | D:1      | Reached XP level 1. HP: 20/20 MP: 1/1
   369 | D:1      | Reached XP level 2. HP: 21/27 MP: 2/2
   973 | D:2      | Reached skill level 3 in Axes
   973 | D:2      | Reached XP level 3. HP: 24/34 MP: 3/3
  1488 | D:2      | Reached XP level 4. HP: 39/42 MP: 4/4
  1723 | D:3      | Found a basalt altar of Yredelemnul.
  1949 | D:3      | Reached skill level 4 in Axes
  2266 | D:4      | Found an ancient bone altar of Kikubaaqudgha.
  2405 | D:4      | Noticed Robin
  2419 | D:4      | Killed Robin
  2420 | D:4      | Reached XP level 5. HP: 39/49 MP: 5/5
  2572 | D:4      | Found a shimmering altar of Xom.
  2587 | D:4      | Reached skill level 5 in Axes
  2769 | D:4      | Noticed Blork the orc
  2779 | D:4      | Killed Blork the orc
  2798 | D:4      | Noticed an ogre
  2803 | D:4      | Killed an ogre
  2804 | D:4      | Reached skill level 6 in Axes
  2804 | D:4      | Reached XP level 6. HP: 42/57 MP: 5/5
  3249 | D:5      | Entered Level 5 of the Dungeon
  3250 | D:5      | Gained mutation: You tend to lose your temper in combat.
                  | [potion of mutation]
  3250 | D:5      | Gained mutation: Your movements are slightly less
                  | encumbered by armour. (ER -2) [potion of mutation]
  3487 | D:5      | Noticed Sigmund
  3504 | D:5      | Killed Sigmund
  3505 | D:5      | Reached skill level 7 in Axes
  3505 | D:5      | Reached XP level 7. HP: 44/64 MP: 6/6
  3728 | D:5      | Found a blossoming altar of Fedhas.
  4061 | D:5      | Noticed Edmund
  4078 | D:5      | Killed Edmund
  4134 | D:6      | Reached skill level 8 in Axes
  4134 | D:6      | Reached skill level 5 in Armour
  4176 | D:6      | Reached XP level 8. HP: 36/73 MP: 7/7
  4291 | D:6      | Learned a level 3 spell: Vampiric Draining
  4303 | D:6      | Reached skill level 5 in Fighting
  4303 | D:6      | Reached skill level 9 in Axes
  4419 | D:6      | Found a runed translucent door.
  4419 | D:6      | Noticed Zaque's ghost (novice OgEE)
  4519 | D:6      | Killed Zaque's ghost
  4520 | D:6      | Reached skill level 10 in Axes
  4520 | D:6      | Gained mutation: You passively map the area around you.
                  | [Deep Dwarf growth]
  4520 | D:6      | Reached XP level 9. HP: 48/81 MP: 7/7
  4701 | D:6      | Found a shimmering blue altar of Sif Muna.
  4801 | D:7      | Found a transporter.
  4834 | D:7      | Found a radiant altar of Vehumet.
  4880 | D:7      | Reached skill level 11 in Axes
  5222 | D:7      | Found a staircase to the Ecumenical Temple.
  5280 | D:7      | Found a white marble altar of Elyvilon.
  5356 | Temple   | Entered the Ecumenical Temple
  5449 | Temple   | Became a worshipper of Makhleb the Destroyer
  5655 | D:8      | Found Sekkil's Armour Emporium.
  5756 | D:8      | Noticed a two-headed ogre
  5766 | D:8      | Killed a two-headed ogre
  5767 | D:8      | Reached skill level 12 in Axes
  5803 | D:8      | Reached XP level 10. HP: 24/94 MP: 7/7
  6301 | D:9      | Noticed a two-headed ogre
  6312 | D:9      | Killed a two-headed ogre
  6510 | D:9      | Reached * piety under Makhleb
  6567 | D:9      | Found an ornate altar of the Wu Jian Council.
  6579 | D:9      | Reached skill level 13 in Axes
  6617 | D:9      | Noticed chispire's ghost (novice MiFi)
  6645 | D:9      | Found a runed translucent gate.
  6645 | D:9      | Found a runed translucent gate.
  6645 | D:9      | Found a runed translucent gate.
  6729 | D:9      | Killed chispire's ghost
  6932 | D:9      | Reached XP level 11. HP: 70/106 MP: 6/6
  6935 | D:9      | Reached ** piety under Makhleb
  7104 | D:9      | Found a hazy altar of Hepliaklqana.
  7139 | D:10     | Entered Level 10 of the Dungeon
  7331 | D:10     | Reached *** piety under Makhleb
  7434 | D:10     | Reached skill level 14 in Axes
  7577 | D:10     | Reached skill level 10 in Fighting
  7621 | D:10     | Found a runed translucent door.
  7623 | D:10     | Noticed a necromancer
  7623 | D:10     | Noticed a skeletal warrior
  7623 | D:10     | Noticed a yaktaur captain
  7623 | D:10     | Noticed a lich
  7624 | D:10     | Noticed a stone giant
  7625 | D:10     | Noticed alkemann's ghost (journeyman TrMo)
  7648 | D:10     | Killed a lich
  7650 | D:10     | Noticed a skeletal warrior
  7656 | D:10     | Slain by a stone giant

Illustrated notes

Levels and vault maps discovered:
D:1:      minmay_arrival_doors, layout_basic, serial_bayou_pond_b
D:2:      layout_basic, minmay_tree_intersection
D:3:      layout_loops_ring, yredelemnul_altar_generic
D:4:      kennysheep_goblin_castle, layout_loops_ring, kennysheep_mini,
          lemuel_crystal_altar, gup_sewer_entry_pipe,
          chequers_serial_rivers_room_a, uniq_blork_the_orc
D:5:      layout_basic, fedhas_altar_2, uniq_edmund, uniq_sigmund
D:6:      layout_basic, gammafunk_ghost_grave, tgw_sif
D:7:      gammafunk_cloud_chamber, layout_basic, kennysheep_mini_moat,
          elyvilon_altar_4, temple_hall_moat,
          nicolae_ossuary_entry_false_entrances
D:8:      layout_loops_ring, serial_shops, shop, kennysheep_generic_room_10
D:9:      layout_loops_ring, general_overflow_altar, gammafunk_ghost_icy,
          basic_altar
D:10:     layout_rooms, special_room [special_room_bee],
          muffindrake_ghost_dual_entry
Temple:   regret_index_temple_waves

Skill      XL: |  1  2  3  4  5  6  7  8  9 10 11 |
---------------+----------------------------------+-----
Fighting       | 3 4 5 7 9 10 | 10.0
Axes           | 3 4 6 7 8 10 12 13 14 | 14.3
Armour         | 4 5 6 7 |  7.8
Shields        | |  3.2

Action                   |  1- 3 |  4- 6 |  7- 9 | 10-12 || total
-------------------------+-------+-------+-------+-------++-------
Melee: War axe           |   137 |   260 |   350 |   508 ||  1255
Invok: Lesser Servant of |       |       |       |     1 ||     1
 Abil: Heal Wounds       |     1 |     1 |     6 |    23 ||    31
  Use: Potion            |       |     7 |     1 |     3 ||    11
       Scroll            |       |     6 |     4 |     1 ||    11
Armor: Scale mail        |    61 |   119 |   120 |    63 ||   363
       Steam dragon scal |       |       |       |   109 ||   109
Dodge: Dodged            |    32 |    77 |   171 |   204 ||   484
Block: Kite shield       |    61 |   128 |   172 |   229 ||   590

Table legend: (Time is in decaauts)
 A = Elapsed time spent in this place.
 B = Non-inter-level travel time spent in this place.
 C = Inter-level travel time spent in this place.
 D = Time resting spent in this place.
 E = Time spent auto-exploring this place.
 F = Levels seen in this place.
 G = Mean time per level.
                   A        B        C        D        E       F      G
               +--------+--------+--------+--------+--------+-----+--------+
         Total |   7860 |   7532 |    328 |    150 |   3949 |  11 |  714.5 |
       Dungeon |   7708 |   7412 |    296 |    150 |   3935 |  10 |  770.8 |
        Temple |    151 |    120 |     31 |      0 |     14 |   1 |  151.0 |
               +--------+--------+--------+--------+--------+-----+--------+

Top non-repeatable levels by time:
     D:4: 1079 daAuts
     D:5: 895 daAuts
     D:1: 888 daAuts
     D:9: 845 daAuts
     D:8: 773 daAuts
     D:2: 744 daAuts
     D:6: 720 daAuts
     D:3: 679 daAuts
     D:7: 581 daAuts
    D:10: 500 daAuts
  Temple: 151 daAuts
